Map: El Dorado

Players

GamerRichy - Winner!

  • Race: Zerg Zerg
  • Spawn Location: 7:00

VOD

Have the link to the VOD?

Description

Time

  • Played on: March 15, 2025, 12:11 p.m.
  • Length: 13:00
Show
View Real Time Build Order
Export as new Build Order

GamerRichy Zerg - Winner!

Build Orders: Pool First, Roach Hydra 

Get SALT Encoding   

  12  0:02  Drone  
  12  0:13  Overlord  
  12  0:23  Drone  
  12  0:33  Drone x2  
  12  0:36  Drone  
  12  0:48  Spawning Pool  
  12  0:50  Drone  
  12  1:11  Hatchery  
  12  1:14  Drone  
  12  1:17  Extractor  
  12  1:35  Zergling x6  
  12  1:43  Roach Warren  
  12  1:46  Drone  
  12  1:49  Extractor  
  12  1:57  Queen  
  12  2:09  Overlord  
  12  2:22  Roach  
  12  2:28  Roach  
  12  2:32  Roach  
  12  2:42  Roach  
  12  2:49  Roach  
  12  2:52  Ravager  
  12  2:54  Ravager  
  12  3:06  Drone x2  
  12  3:09  Drone  
  12  3:14  Ravager  
  12  3:20  Overlord  
  12  3:35  Overlord  
  12  3:40  Drone x3  
  12  3:48  Metabolic Boost  
  12  3:56  Drone  
  12  3:57  Drone  
  12  4:01  Drone  
  12  4:03  Drone  
  12  4:06  Drone  
  12  4:09  Drone  
  12  4:10  Drone  
  12  4:22  Queen  
  12  4:23  Overlord  
  12  4:30  Drone x2  
  12  4:37  Drone x2  
  12  4:42  Overlord  
  12  4:44  Drone x3  
  12  4:47  Drone  
  12  4:51  Drone  
  12  4:55  Overlord  
  12  4:57  Drone  
  12  5:13  Lair, Hatchery  
  12  5:14  Drone x2  
  12  5:17  Drone  
  12  5:18  Drone x2  
  12  5:26  Drone  
  12  5:28  Extractor  
  12  5:29  Drone x2  
  12  5:30  Drone  
  12  5:32  Overlord, Evolution Chamber  
  12  5:41  Overlord  
  12  5:47  Zergling x8  
  12  5:49  Roach x2  
  12  5:53  Drone  
  12  5:58  Zerg Missile Weapons Level 1  
  12  6:01  Overlord  
  12  6:02  Drone  
  12  6:03  Drone x3  
  12  6:08  Drone  
  12  6:11  Glial Reconstitution  
  12  6:13  Drone  
  12  6:19  Extractor, Drone  
  12  6:22  Drone x3  
  12  6:25  Queen, Drone x2  
  12  6:31  Drone  
  12  6:36  Hydralisk Den, Drone x3  
  12  6:44  Overlord  
  12  6:46  Overlord  
  12  6:50  Spore Crawler  
  12  6:54  Hatchery  
  12  6:58  Roach x3  
  12  7:01  Ravager x3  
  12  7:02  Roach x2  
  12  7:06  Spore Crawler  
  12  7:08  Roach x3  
  12  7:09  Zergling x6  
  12  7:13  Drone  
  12  7:16  Extractor  
  12  7:18  Drone x2  
  12  7:19  Drone  
  12  7:22  Muscular Augments  
  12  7:23  Roach x2  
  12  7:27  Roach x2, Zergling x2  
  12  7:33  Zergling x4  
  12  7:35  Overlord x3  
  12  7:41  Spore Crawler  
  12  7:43  Zergling x2  
  12  7:49  Overlord x2  
  12  7:54  Hydralisk x5  
  12  7:56  Zergling x4  
  12  7:59  Zerg Missile Weapons Level 2  
  12  8:02  Zergling x4  
  12  8:04  Hydralisk  
  12  8:06  Zergling x2  
  12  8:08  Overlord  
  12  8:10  Overlord  
  12  8:15  Hydralisk  
  12  8:16  Hydralisk  
  12  8:17  Zergling x4  
  12  8:19  Hydralisk  
  12  8:20  Zergling x2  
  12  8:24  Overseer  
  12  8:25  Hydralisk  
  12  8:26  Zergling x2  
  12  8:28  Hydralisk  
  12  8:30  Roach  
  12  8:31  Zergling x2  
  12  8:33  Zergling x4  
  12  8:35  Hydralisk  
  12  8:37  Grooved Spines  
  12  8:40  Hydralisk  
  12  8:41  Zergling x2  
  12  8:47  Hydralisk x2  
  12  8:49  Zergling x6  
  12  8:51  Overlord  
  12  8:53  Zergling x2  
  12  8:58  Roach x3  
  12  9:00  Overlord  
  12  9:07  Hydralisk x2  
  12  9:08  Hydralisk  
  12  9:09  Zergling x2  
  12  9:10  Zergling x4  
  12  9:13  Overlord  
  12  9:17  Roach x2  
  12  9:21  Hydralisk, Zergling x4  
  12  9:27  Overlord  
  12  9:28  Roach x2  
  12  9:36  Roach  
  12  9:41  Evolution Chamber  
  12  10:41  Infestation Pit  
  12  10:45  Drone x2  
  12  12:33  Overseer  
  12  12:37  Overseer  
Tags
 
Composition
Roach Hydra
Opening
Pool First
Race
Zerg
Add a new tag
Caveats
  • Supply blocks, unpowered buildings, or Contaminate may cause inaccurate times.
  • Supply counts are checked every 10 seconds.